 Dungeon Crawl Stone Soup version 0.25-a0-365-g7600c65aa0 (webtiles) character file.

Game seed: 11095307363699953773, levelgen mode: deterministic

546565 Napalmbreeze the Slayer (level 24, -7/278 HPs)
             Began as a Demonspawn Berserker on Jan 5, 2020.
             Was a High Priest of Trog.
             Killed from afar by a golden dragon (17 damage)
             ... with a bolt of cold
             ... on level 2 of the Depths.
             The game lasted 02:18:33 (57159 turns).

Napalmbreeze the Slayer (Demonspawn Berserker)     Turns: 57159, Time: 02:18:38

Health: -7/278     AC: 44    Str: 27    XL:     24   Next: 31%
Magic:  11/11      EV:  9    Int: 11    God:    Trog [*****.]
Gold:   4217       SH: 28    Dex: 17    Spells: 23/23 levels left

rFire    + + .     SeeInvis +   b - +8 broad axe of Trog's Regard {antimagic, rF++}
rCold    + . .     Gourm    .   v - +0 large shield
rNeg     + . .     Faith    .   r - +2 storm dragon scales {Bai Suzhen}
rPois    +         Spirit   .   U - +1 helmet {SInv}
rElec    +         Reflect  +   Y - +1 cloak {rC+}
rCorr    .         Harm     .   o - +0 pair of gloves
MR       +++..                  (boots unavailable)
Stlth    ++........             w - amulet "Wolipt" {Reflect +Fly rN+ SH+6}
HPRegen  1.56/turn              g - ring of Goleyz {+Fly rElec rPois Dex+4}
MPRegen  0.12/turn              I - +5 ring of protection

@: sanguine armour, regenerating
A: talons 3, mutation resistance 1, nightstalker 3, robust 3, spiny 3, sanguine
armour 3
}: 4/15 runes: decaying, serpentine, silver, abyssal
a: Berserk, Trog's Hand, Brothers in Arms, Renounce Religion, Evoke Flight


You were on level 2 of the Depths.
You worshipped Trog.
Trog was extremely pleased with you.
You were hungry.

You visited 8 branches of the dungeon, and saw 41 of its levels.
You visited the Abyss 1 time.
You visited 1 bazaar.
You also visited: Ice Cave and Desolation.

You collected 6919 gold pieces.
You spent 2702 gold pieces at shops.

Inventory:

Hand Weapons
 b - the +8 broad axe of Trog's Regard (weapon) {antimagic, rF++}
   (Trog gifted it to you on level 2 of the Vaults)

   It reduces the magical energy of the wielder, and disrupts the spells and
   magical abilities of those hit.
   Natural abilities and divine invocations are not affected.
   It greatly protects you from fire.
 h - a +9 broad axe of chopping
 C - the +12 broad axe of Egalitarianism {flame, -Tele rPois rC+ Dex+4}
   (Trog gifted it to you on level 4 of the Vaults)

   It has been specially enchanted to burn those struck by it, causing extra
   injury to most foes and up to half again as much damage against particularly
   susceptible opponents.
   Big, fiery blades are also staple armaments of hydra-hunters.
   It affects your dexterity (+4).
   It protects you from cold.
   It protects you from poison.
   It prevents most forms of teleportation.
 L - a +1 eveningstar of holy wrath
Armour
 o - a +0 pair of gloves (worn)
 r - +2 storm dragon scales (worn) {Bai Suzhen}
 v - a +0 large shield (worn)
 U - a +1 helmet of see invisible (worn)
 Y - a +1 cloak of cold resistance (worn)
Jewellery
 a - an uncursed ring of protection from fire
 g - the ring of Goleyz (left hand) {+Fly rElec rPois Dex+4}
   (You found it on level 3 of the Elven Halls)

   [ring of flight]

   It affects your dexterity (+4).
   It insulates you from electricity.
   It protects you from poison.
   It lets you fly.
 w - the amulet "Wolipt" (around neck) {Reflect +Fly rN+ SH+6}
   (You took it off a deep elf blademaster on level 3 of the Elven Halls)

   [amulet of reflection]

   It shields you and reflects attacks.
   It protects you from negative energy.
   It lets you fly.
   It affects your SH (+6).
 I - a +5 ring of protection (right hand)
 N - the ring of Ryink {+Fly Str+4 Slay+2 Stlth+}
   (You found it in the Desolation of Salt)

   [ring of flight]

   It affects your strength (+4).
   It affects your accuracy and damage with ranged weapons and melee attacks
   (+2).
   It lets you fly.
   It makes you more stealthy.
 P - an uncursed ring of protection from magic
Wands
 d - a wand of scattershot (10)
 i - a wand of digging (7)
 l - a wand of acid (27)
 R - a wand of disintegration (31)
 Z - a wand of iceblast (8)
Scrolls
 e - 23 scrolls of remove curse
 k - 5 scrolls of identify
 p - 13 scrolls of teleportation
 s - 9 scrolls of fear
 y - 3 scrolls of magic mapping
 B - a scroll of summoning
 E - a scroll of enchant weapon
 H - 2 scrolls of silence
 K - a scroll of holy word {unknown}
 M - 6 scrolls of blinking
 Q - 5 scrolls of fog
Potions
 f - 5 potions of agility
 j - 8 potions of mutation
 m - 9 potions of flight
 n - 13 potions of lignification
 t - 3 potions of heal wounds
 u - 2 potions of cancellation
 z - a potion of ambrosia
 A - 20 potions of curing
 D - 2 potions of invisibility
 F - 3 potions of resistance
 G - 9 potions of might
 J - a potion of magic
 X - 4 potions of haste
Miscellaneous
 q - a lightning rod (4/4)
 x - a lamp of fire
 S - 4 sacks of spiders
Comestibles
 c - 50 rations


   Skills:
 - Level 23.0 Fighting
 - Level 20.0 Axes
 + Level 17.1 Armour
 - Level 3.0 Dodging
 + Level 17.1 Shields
 + Level 13.8 Evocations


You had 23 spell levels left.
You didn't know any spells.
Your spell library was empty.

Dungeon Overview and Level Annotations

Branches:
Dungeon (15/15)            Temple (0/1) D:5            Lair (6/6) D:11
  Swamp (4/4) Lair:3        Snake (4/4) Lair:3        Slime (0/5) Lair:5
    Orc (2/2) D:11            Elf (3/3) Orc:2        Vaults (5/5) D:13
  Crypt (0/3) Vaults:2     Depths (2/5) D:15          IceCv (visited)
Desolation (visited)

Altars:
Dithmenos
Fedhas
Gozag
Kikubaaqudgha
Nemelex Xobeh
Okawaru
Sif Muna
Uskayaw
Vehumet
Zin
The Shining One

Shops:
Orc:2 *!?[   Elf:3 :   Vaults:3 [   Vaults:5 *

Portals:
Hell: Depths:1
Abyss: Depths:1
Pandemonium: Depths:1 Depths:2
Trove: Elf:3 (give +2 gold dragon scales)


Innate Abilities, Weirdness & Mutations

You have claws for feet.
You are completely attuned to the shadows.
You are extremely robust. (+30% HP)
You are completely covered in sharp spines.
When seriously injured, your bleeding wounds create very thick armour. (AC +12)
You are somewhat resistant to further mutation.


Message History

The sphinx is empowered by something's aura!
The spriggan air mage is empowered by something's aura!
A cyan ugly thing comes into view.
Unknown command.
Unknown command.
You feel better.
The spriggan air mage waves its arms in wide circles.
The air twists around and strikes you!!
* * * LOW HITPOINT WARNING * * *
You block the golden dragon's attack.
The golden dragon claws you but does no damage.
The golden dragon tramples you but does no damage.
You feel much better.
The sphinx seems less brilliant.
The sphinx is empowered by something's aura!
The sphinx mumbles some strange words.
Something smites you!
* * * LOW HITPOINT WARNING * * *
The golden dragon breathes cold at you. The bolt of cold hits you! You resist.
You die... # ## .# .## ##### ..### [##...##2 ###.## .uY8)e. .....# #Hii#

....### ###D###
.##...###
)#$#@#=#.
)....##.##
..$#.#%..
..##...>.#
.#$#.#[#.
#..#...####
###.###
#..#.#<...# #..#
.#...#..#.#####.##
....##.....#.#..#
..#.#..#..#....##
..#.#..##.....##


You could see a golden dragon, a sphinx, an elephant (berserk), a cyan ugly
thing, a spriggan berserker (berserk), a deep elf high priest and a spriggan air
mage.

Vanquished Creatures
  Mara (Vaults:2)
  A juggernaut (Depths:2)
  Bai Suzhen (Swamp:2)
  Frederick (Vaults:2)
  Vashnia (Snake:4)
  A golden dragon (Depths:2)
  Nikola (Swamp:1)
  4 tentacled monstrosities (Vaults:5)
  7 titans (Vaults:5)
  3 liches
  A deep elf blademaster (Elf:3)
  2 tentacled starspawn (Abyss:3)
  4 tengu reavers
  2 sphinxes (Vaults:4)
  2 storm dragons (Vaults:5)
  Donald (Swamp:1)
  5 nagarajas (Snake:4)
  Kirke (D:15)
  5 shadow dragons (Vaults:5)
  5 fire giants
  4 deep elf sorcerers
  16 vault wardens
  A juggernaut zombie (D:15)
  Louise (Depths:1)
  4 frost giants
  3 imperial myrmidons (Desolation)
  A balrug (Depths:1)
  Aizul (Snake:1)
  6 deep elf elementalists
  2 spriggan defenders
  3 war gargoyles (Vaults:5)
  3 entropy weavers
  12 ironheart preservers
  15 stone giants
  14 very ugly things
  Nessos (Lair:4)
  5 deep elf demonologists
  A vampire knight (Depths:1)
  Azrael (D:14)
  9 deep elf annihilators
  2 halazid warlocks (Desolation)
  4 spark wasps (Depths:1)
  An eidolon (Vaults:2)
  2 jiangshi (Depths:1)
  9 deep elf death magi
  A merfolk javelineer (Depths:1)
  3 crystal guardians
  8 ettins
  Josephine (D:12)
  16 yaktaur captains
  6 deep elf high priests
  4 fire dragons
  6 great orbs of eyes
  8 ragged hierophants (Desolation)
  8 peacekeepers
  3 ice dragons
  14 ogre magi
  7 servants of whispers
  4 rakshasas
  A shambling mangrove (Swamp:3)
  A ghost crab (Swamp:2)
  32 vault guards
  12 hydras
  15 naga warriors
  46 two-headed ogres
  12 anacondas
  8 centaur warriors
  14 alligators
  3 deep troll shamans
  26 dancing weapons
  3 deep troll earth magi
  5 tengu warriors
  4 vampire magi
  4 orc high priests
  3 thrashing horrors (Abyss:3)
  7 naga sharpshooters
  3 spriggan berserkers (Depths:1)
  2 wretched stars (Abyss:3)
  2 sun demons (Depths:1)
  A storm dragon zombie (Vaults:5)
  8 shock serpents
  4 hell knights (Depths:2)
  Sonja (Orc:2)
  2 shadow wraiths
  15 deep elf knights
  6 salamander mystics
  11 sea snakes (Snake:4)
  A gelid demonspawn (Depths:2)
  A skeletal warrior (D:15)
  10 deep trolls
  An infernal demonspawn (Depths:2)
  12 naga ritualists
  An unseen horror (shapeshifter) (Vaults:1)
  A flayed ghost (Depths:1)
  12 swamp dragons
  Pikel (D:5)
  A shadow demon (Depths:2)
  5 unseen horrors
  21 ironbrand convokers
  4 wizards
  19 deep elf archers
  53 deep elf magi
  3 oklob plants
  9 necromancers
  10 mana vipers
  14 orc knights
  7 phantasmal warriors
  6 wolf spiders
  7 cyclopes
  5 harpies (Vaults:3)
  5 orc sorcerers
  54 ugly things
  2 manticores
  10 salamanders
  A stone giant zombie (Vaults:4)
  3 spriggan zombies
  A frost giant skeleton (Depths:2)
  13 vault sentinels
  19 naga magi
  A stone giant skeleton (Vaults:4)
  12 guardian serpents
  3 elephants (Lair:5)
  A torpor snail (Lair:4)
  37 black mambas
  A molten gargoyle (Desolation)
  22 spiny frogs
  3 ice statues (IceCv)
  A large abomination (Abyss:3)
  A smoke demon (Depths:2)
  20 rime drakes
  A yaktaur (shapeshifter) (Vaults:3)
  9 freezing wraiths
  6 komodo dragons
  21 polar bears
  A guardian mummy (D:15)
  53 yaktaurs
  A jumping spider (shapeshifter) (Depths:1)
  A jumping spider (Vaults:4)
  6 trolls
  2 tengu conjurers
  2 meliai (Abyss:3)
  A meliai (shapeshifter) (Depths:1)
  A queen bee (shapeshifter) (D:14)
  A troll (shapeshifter) (Depths:1)
  10 tyrant leeches
  56 saltlings
  11 hornets
  9 blink frogs
  5 dream sheep (Lair:4)
  A fire giant simulacrum (Vaults:2)
  6 raiju
  9 hippogriffs
  An ice dragon zombie (D:15)
  37 slime creatures
  A raiju (shapeshifter) (Vaults:3)
  A frost giant simulacrum (Vaults:3)
  An ettin zombie (Vaults:5)
  16 bog bodies
  A stone giant simulacrum (Vaults:2)
  6 redbacks
  A spriggan skeleton (Depths:2)
  2 tarantellas (Vaults:4)
  A tarantella (shapeshifter) (Depths:1)
  4 shadows
  An air elemental (Elf:2)
  3 vampires
  14 spriggans
  5 wyverns
  A water elemental (Depths:1)
  45 yaks
  A hog (shapeshifter) (Vaults:2)
  6 basilisks
  A ynoxinul (Abyss:3)
  4 fire elementals (D:14)
  5 wraiths
  A fire bat (Abyss:3)
  2 hogs (D:15)
  A human (D:12)
  A human simulacrum (Vaults:5)
  3 hungry ghosts
  A basilisk (shapeshifter) (Vaults:2)
  7 steam dragons (Lair:6)
  22 vampire mosquitoes
  13 swamp worms
  13 wargs
  53 nagas
  15 insubstantial wisps
  Edmund (D:5)
  A soldier ant (shapeshifter) (Vaults:2)
  4 acid dragons
  7 porcupines
  12 water moccasins
  15 hell hounds
  5 sky beasts
  52 orc warriors
  13 swamp drakes
  3 human zombies (Vaults:3)
  5 ice beasts
  46 ogres
  11 black bears (Lair:6)
  2 elf zombies
  3 boggarts (Depths:1)
  2 elf skeletons
  3 phantoms
  29 wolves
  13 centaurs
  7 crocodiles
  2 big kobolds
  19 bullfrogs
  A wyvern zombie (D:11)
  A small abomination (Abyss:3)
  A water moccasin skeleton (D:11)
  4 scorpions
  10 killer bees
  9 wights
  A howler monkey (D:9)
  An electric eel (Snake:4)
  9 crimson imps
  3 quasits
  26 orc priests
  2 bullfrog zombies
  2 centaur zombies
  An iron imp (Abyss:3)
  8 jellies
  4 centaur skeletons
  7 hounds
  36 orc wizards
  2 bullfrog skeletons
  Jessica (D:4)
  2 gnoll shamans (D:7)
  3 iguanas
  12 worker ants
  A hound skeleton (D:4)
  2 worker ant zombies
  7 gnolls (D:7)
  8 adders
  5 shadow imps
  12 white imps (Orc:1)
  An ooze (D:1)
  An adder zombie (D:9)
  3 worms (D:2)
  4 dart slugs
  5 leopard geckos
  99 orcs
  A ball python (D:3)
  10 bats
  7 giant cockroaches
  4 goblins
  10 hobgoblins
  10 jackals
  5 quokkas
  7 frilled lizards
  12 kobolds
  A leopard gecko skeleton (D:4)
  A quokka skeleton (D:4)
  9 rats
  2 fungi
  12 plants
2067 creatures vanquished.

Vanquished Creatures (collateral kills)
  the Lernaean hydra (Swamp:4)
  Rupert (Lair:4)
  A lich (Depths:2)
  A deep elf blademaster (Elf:3)
  A deep elf master archer (Elf:3)
  2 deep elf sorcerers (Elf:3)
  A deep elf annihilator (Elf:3)
  A deep elf demonologist (Elf:3)
  A deep elf high priest (Elf:3)
  An orc high priest (Orc:2)
  3 orc warriors (Orc:2)
  5 orc priests (Orc:2)
  2 orc wizards (Orc:2)
  An orc (Orc:2)
22 creatures vanquished.

Vanquished Creatures (others)
  A deep elf master archer (Elf:3)
  A fire giant (Depths:1)
  A yaktaur captain (Vaults:2)
  A tengu warrior (Depths:1)
  A naga sharpshooter (Snake:4)
  A deep elf archer (Vaults:1)
  A spriggan druid (Swamp:2)
  A vault sentinel (Vaults:5)
  5 yaktaurs
  A steam dragon (Lair:6)
  An ogre (Vaults:3)
  A centaur (D:15)
  13 fungi
  25 plants
  4 withered plants (D:15)
58 creatures vanquished.

Grand Total: 2147 creatures vanquished

Notes
Turn   | Place    | Note
-------+----------+-------------------------------------------
     0 | D:1      | Napalmbreeze the Demonspawn Berserker began the quest for
                  | the Orb.
     0 | D:1      | Reached XP level 1. HP: 18/18 MP: 1/1
    70 | D:1      | Gained mutation: When seriously injured, your bleeding
                  | wounds create armour. (AC +12) [demonic ancestry]
    70 | D:1      | Reached XP level 2. HP: 16/24 MP: 2/2
   651 | D:1      | Reached XP level 3. HP: 28/29 MP: 3/3
   780 | D:2      | Reached ** piety under Trog
  1107 | D:2      | Gained mutation: When seriously injured, your bleeding
                  | wounds create thick armour. (AC +12) [demonic ancestry]
  1107 | D:2      | Reached XP level 4. HP: 30/35 MP: 4/4
  1389 | D:2      | Gained mutation: You have sharp toenails. [demonic
                  | ancestry]
  1389 | D:2      | Reached XP level 5. HP: 42/42 MP: 5/5
  2036 | D:3      | Found an ancient bone altar of Kikubaaqudgha.
  2672 | D:4      | Reached *** piety under Trog
  2672 | D:4      | Reached skill level 4 in Fighting
  2683 | D:4      | Got a jewelled dagger
  2686 | D:4      | Identified the cursed +0 dagger of Judgement {flame, Dex+4
                  | Stlth+} (You found it on level 4 of the Dungeon)
  2762 | D:4      | Noticed Jessica
  2776 | D:4      | Killed Jessica
  2776 | D:4      | Gained mutation: You have razor-sharp toenails. [demonic
                  | ancestry]
  2776 | D:4      | Reached XP level 6. HP: 48/48 MP: 4/6
  2857 | D:4      | Found a radiant altar of Vehumet.
  2860 | D:4      | Found a shadowy altar of Dithmenos.
  2972 | D:4      | Reached skill level 5 in Axes
  3276 | D:4      | Found a shimmering blue altar of Sif Muna.
  3366 | D:5      | Entered Level 5 of the Dungeon
  3418 | D:5      | Noticed a slave
  3419 | D:5      | Noticed Pikel
  3419 | D:5      | Noticed a slave
  3420 | D:5      | Noticed a slave
  3420 | D:5      | Noticed a slave
  3438 | D:5      | Killed Pikel
  3438 | D:5      | Reached XP level 7. HP: 39/54 MP: 7/7
  3626 | D:5      | Gained mutation: You have claws for feet. [demonic
                  | ancestry]
  3626 | D:5      | Reached XP level 8. HP: 60/60 MP: 8/8
  3898 | D:5      | Found a staircase to the Ecumenical Temple.
  4026 | D:5      | Noticed Edmund
  4028 | D:5      | Reached skill level 5 in Fighting
  4040 | D:5      | Killed Edmund
  4045 | D:5      | Reached skill level 6 in Fighting
  4793 | D:6      | Reached skill level 7 in Fighting
  4918 | D:6      | Found a hide-covered altar of Uskayaw.
  4977 | D:6      | Reached **** piety under Trog
  5553 | D:7      | Found an iron altar of Okawaru.
  5588 | D:7      | Reached skill level 8 in Fighting
  5749 | D:7      | Found a glowing golden altar of the Shining One.
  5772 | D:7      | Gained mutation: You are partially covered in sharp spines.
                  | [demonic ancestry]
  5772 | D:7      | Reached XP level 9. HP: 69/74 MP: 9/9
  6594 | D:8      | Found a sparkling altar of Nemelex Xobeh.
  6605 | D:8      | Found a glowing silver altar of Zin.
  6606 | D:8      | Found a blossoming altar of Fedhas.
  6659 | D:8      | Reached skill level 9 in Fighting
  6853 | D:8      | Found an opulent altar of Gozag.
  6933 | D:8      | Noticed a manticore
  6940 | D:8      | Killed a manticore
  7152 | D:8      | Reached ***** piety under Trog
  7152 | D:8      | Received a gift from Trog
  7172 | D:8      | Reached XP level 10. HP: 81/83 MP: 10/10
  7275 | D:9      | Reached skill level 10 in Fighting
  7328 | D:9      | You fall into a shaft and drop 2 floors!
  7353 | D:11     | Found a staircase to the Lair.
  7487 | D:11     | Reached skill level 10 in Axes
  7513 | D:11     | Found a staircase to the Orcish Mines.
  7617 | D:11     | Killed an unseen horror
  7683 | D:10     | Entered Level 10 of the Dungeon
  7756 | D:10     | Killed an unseen horror
  7756 | D:10     | Gained mutation: You are mostly covered in sharp spines.
                  | [demonic ancestry]
  7756 | D:10     | Reached XP level 11. HP: 67/90 MP: 11/11
  7891 | D:9      | Noticed a two-headed ogre
  7899 | D:9      | Killed a two-headed ogre
  8019 | D:9      | Noticed a two-headed ogre
  8026 | D:9      | Killed a two-headed ogre
  8197 | D:9      | Received a gift from Trog
  8248 | D:9      | Got a slimy amber ring
  8325 | D:9      | Identified the ring of Bipp {Wiz rElec rPois Str-5 Dex+6}
                  | (You found it on level 9 of the Dungeon)
  8532 | D:10     | Killed an unseen horror
  8800 | D:11     | Noticed an orc knight
  8979 | D:11     | Noticed a two-headed ogre
  8982 | D:11     | Killed a two-headed ogre
  9023 | D:11     | Noticed a brown ugly thing
  9032 | D:11     | Killed an orc knight
  9034 | D:11     | Killed a brown ugly thing
  9096 | D:11     | Reached skill level 11 in Fighting
  9235 | D:11     | Gained mutation: You are slightly more attuned to the
                  | shadows. [demonic ancestry]
  9235 | D:11     | Reached XP level 12. HP: 59/100 MP: 4/12
  9433 | Lair:1   | Entered Level 1 of the Lair of Beasts
 10148 | Lair:1   | Received a gift from Trog
 11358 | Lair:3   | Found a staircase to the Swamp.
 11435 | Lair:3   | Noticed a six-headed hydra
 11447 | Lair:3   | Killed a two-headed hydra
 11610 | Lair:4   | Reached skill level 12 in Fighting
 11851 | Lair:4   | Noticed Rupert
 11871 | Lair:4   | Killed Rupert
 11880 | Lair:4   | Reached XP level 13. HP: 33/108 MP: 4/13
 12527 | Lair:4   | Noticed Nessos
 12532 | Lair:4   | Killed Nessos
 12925 | Lair:5   | Reached skill level 10 in Armour
 13066 | Lair:5   | Found a staircase to the Slime Pits.
 13955 | Lair:6   | Entered Level 6 of the Lair of Beasts
 14279 | Lair:6   | Received a gift from Trog
 14291 | Lair:6   | Reached skill level 13 in Fighting
 14293 | Lair:6   | Reached skill level 15 in Axes
 14939 | Lair:6   | Noticed a fire dragon
 14953 | Lair:6   | Killed a fire dragon
 14955 | Lair:6   | Reached skill level 14 in Fighting
 15427 | Lair:6   | Reached XP level 14. HP: 121/121 MP: 4/14
 15528 | Lair:6   | Received a gift from Trog
 15657 | Lair:6   | Reached skill level 15 in Fighting
 16057 | D:12     | Noticed Josephine
 16060 | D:12     | Killed Josephine
 16060 | D:12     | Reached skill level 1 in Evocations
 16332 | D:12     | Received a gift from Trog
 17513 | D:13     | Identified the Compendium of Poisoning and Companions
 17850 | D:13     | Found a gate to the Vaults.
 18129 | D:14     | Reached skill level 5 in Evocations
 18252 | D:14     | Got a wavering brass ring
 18254 | D:14     | Identified the ring "Unin" {*Slow +Fly Int+2 Slay+6 SInv}
                  | (You found it on level 14 of the Dungeon)
 18285 | D:14     | Received a gift from Trog
 18295 | D:14     | Got a polished broad axe {god gift}
 18298 | D:14     | Identified the +0 broad axe "Numel" {chop, rC+ Str+5 Int-2}
                  | (Trog gifted it to you on level 14 of the Dungeon)
 18336 | D:14     | Noticed Azrael
 18348 | D:14     | Killed Azrael
 18892 | D:15     | Entered Level 15 of the Dungeon
 18892 | D:15     | Found a staircase to the Depths.
 19441 | D:15     | Gained mutation: You are significantly more attuned to the
                  | shadows. [demonic ancestry]
 19441 | D:15     | Reached XP level 15. HP: 130/130 MP: 6/20
 19574 | D:15     | Noticed Kirke
 19576 | D:15     | Received a gift from Trog
 19584 | D:15     | Killed Kirke
 20166 | D:15     | Found a hide-covered altar of Uskayaw.
 20425 | Orc:1    | Entered Level 1 of the Orcish Mines
 20606 | Orc:2    | Entered Level 2 of the Orcish Mines
 20609 | Orc:2    | Paralysed by an orc sorcerer for 5 turns
 20651 | Orc:1    | Found a frozen archway.
 20672 | IceCv    | Entered an ice cave
 21007 | IceCv    | Received a gift from Trog
 21019 | IceCv    | Got a jewelled battleaxe {god gift}
 21020 | IceCv    | Identified the +1 battleaxe "Estetuwe" {chop, *Rage rPois
                  | rN+} (Trog gifted it to you in an ice cave)
 21131 | IceCv    | Noticed a frost giant
 21134 | IceCv    | Reached skill level 16 in Fighting
 21141 | IceCv    | Killed a frost giant
 21948 | Orc:2    | Received a gift from Trog
 21951 | Orc:2    | Found Pityibal's Armour Shop.
 21957 | Orc:2    | Found Boebuck's Magic Scroll Shop.
 21960 | Orc:2    | Gained mutation: You are clumsy. (Dex -2) [a neqoxec]
 21986 | Orc:2    | Found Nunefore's General Store.
 21987 | Orc:2    | Found Gonk's Distillery.
 22087 | Orc:2    | Bought a scroll of identify for 26 gold pieces
 22087 | Orc:2    | Bought 2 scrolls of identify for 52 gold pieces
 22087 | Orc:2    | Bought a scroll of identify for 26 gold pieces
 22087 | Orc:2    | Bought a scroll of enchant weapon for 97 gold pieces
 22087 | Orc:2    | Bought a scroll of identify for 26 gold pieces
 22096 | Orc:2    | Bought a scroll of identify for 30 gold pieces
 22096 | Orc:2    | Bought a scroll of blinking for 112 gold pieces
 22099 | Orc:2    | Bought a potion of might for 56 gold pieces
 22099 | Orc:2    | Bought a potion of curing for 42 gold pieces
 22099 | Orc:2    | Bought a potion of curing for 42 gold pieces
 22099 | Orc:2    | Bought a potion of haste for 140 gold pieces
 22196 | Orc:2    | Noticed Sonja
 22198 | Orc:2    | Found a staircase to the Elven Halls.
 22203 | Orc:2    | Killed Sonja
 23386 | Lair:3   | Found a staircase to the Snake Pit.
 23630 | Swamp:1  | Entered Level 1 of the Swamp
 23672 | Swamp:1  | Reached skill level 10 in Evocations
 23674 | Swamp:1  | Received a gift from Trog
 23822 | Swamp:1  | Lost mutation: You are clumsy. (Dex -2) [potion of
                  | mutation]
 23822 | Swamp:1  | Gained mutation: You are resistant to electric shocks.
                  | (rElec) [potion of mutation]
 23822 | Swamp:1  | Gained mutation: You have a pair of small antennae on your
                  | head. [potion of mutation]
 23823 | Swamp:1  | Lost mutation: You have a pair of small antennae on your
                  | head. [potion of mutation]
 23823 | Swamp:1  | Gained mutation: Your spells are a little easier to cast,
                  | but a little less powerful. [potion of mutation]
 23823 | Swamp:1  | Lost mutation: Your spells are a little easier to cast, but
                  | a little less powerful. [potion of mutation]
 23823 | Swamp:1  | Gained mutation: You have supernaturally acute eyesight.
                  | (SInv) [potion of mutation]
 23823 | Swamp:1  | Gained mutation: You have a pair of small horns on your
                  | head. [potion of mutation]
 23842 | Swamp:1  | Noticed Donald
 23849 | Swamp:1  | Killed Donald
 23946 | Swamp:1  | Noticed Nikola
 23957 | Swamp:1  | Killed Nikola
 24951 | Swamp:2  | Reached XP level 16. HP: 132/139 MP: 7/23
 25581 | Swamp:3  | Noticed Bai Suzhen
 25688 | Swamp:2  | Received a gift from Trog
 25696 | Swamp:2  | Killed Bai Suzhen
 25696 | Swamp:2  | Reached skill level 17 in Fighting
 25728 | Swamp:2  | Lost mutation: You have a pair of small horns on your head.
                  | [potion of mutation]
 25728 | Swamp:2  | Lost mutation: You are resistant to electric shocks.
                  | (rElec) [potion of mutation]
 25728 | Swamp:2  | Lost mutation: You have supernaturally acute eyesight.
                  | (SInv) [potion of mutation]
 25728 | Swamp:2  | Gained mutation: You are somewhat resistant to further
                  | mutation. [potion of mutation]
 26828 | Swamp:4  | Entered Level 4 of the Swamp
 27098 | Swamp:4  | Received a gift from Trog
 27713 | Swamp:4  | Got a scorched scale mail
 27729 | Swamp:4  | Identified the +2 scale mail of Purpose {rN+ Dex+3} (You
                  | found it on level 4 of the Swamp)
 27751 | Swamp:4  | Noticed the 27-headed Lernaean hydra
 27752 | Swamp:4  | Killed the 27-headed Lernaean hydra
 27760 | Swamp:4  | Got a decaying rune of Zot
 27862 | Swamp:4  | Reached skill level 18 in Fighting
 27870 | Swamp:4  | Received a gift from Trog
 28350 | Snake:1  | Entered Level 1 of the Snake Pit
 28499 | Snake:1  | Noticed Aizul
 28507 | Snake:1  | Killed Aizul
 28507 | Snake:1  | Gained mutation: You are robust. (+10% HP) [demonic
                  | ancestry]
 28507 | Snake:1  | Reached XP level 17. HP: 131/163 MP: 24/24
 28550 | Snake:1  | Found a flickering gateway to a bazaar.
 28575 | Bazaar   | Entered a bazaar
 28717 | Bazaar   | Found Offiat's Book Boutique.
 28721 | Bazaar   | Found Pataa's Jewellery Boutique.
 28721 | Bazaar   | Found Dasanesoa's Food Boutique.
 28723 | Bazaar   | Found Qisaav's Food Boutique.
 28736 | Bazaar   | Bought a +5 amulet of reflection for 412 gold pieces
 30281 | Snake:3  | Received a gift from Trog
 31269 | Snake:3  | Reached skill level 1 in Shields
 32065 | Snake:4  | Entered Level 4 of the Snake Pit
 32126 | Snake:4  | Received a gift from Trog
 32134 | Snake:4  | Reached skill level 5 in Shields
 34036 | Snake:4  | Received a gift from Trog
 34055 | Snake:4  | Noticed Vashnia
 34066 | Snake:4  | Killed Vashnia
 34352 | Snake:4  | Gained mutation: When seriously injured, your bleeding
                  | wounds create very thick armour. (AC +12) [demonic
                  | ancestry]
 34352 | Snake:4  | Reached XP level 18. HP: 150/172 MP: 25/25
 34777 | Snake:4  | Reached skill level 10 in Shields
 35664 | Snake:4  | Received a gift from Trog
 35775 | Snake:4  | Got a serpentine rune of Zot
 37201 | Vaults:1 | Entered Level 1 of the Vaults
 37216 | Vaults:1 | Cast into level 3 of the Abyss (a deep elf sorcerer)
 37452 | Abyss:3  | Got an abyssal rune of Zot
 37463 | Abyss:3  | Found a corrupted altar of Lugonu.
 37682 | Abyss:3  | Received a gift from Trog
 37719 | Vaults:1 | Escaped the Abyss
 38639 | Vaults:1 | Received a gift from Trog
 38639 | Vaults:1 | Gained mutation: You are very robust. (+20% HP) [demonic
                  | ancestry]
 38639 | Vaults:1 | Reached XP level 19. HP: 147/195 MP: 26/26
 40325 | Vaults:2 | Noticed Mara
 40334 | Vaults:2 | Received a gift from Trog
 40353 | Vaults:2 | Killed Mara
 40360 | Vaults:2 | You fall into a shaft and drop 2 floors!
 40455 | Vaults:3 | Received a gift from Trog
 40812 | Vaults:3 | Found Less's Armour Emporium.
 40826 | Vaults:3 | Found a ruined gateway.
 40836 | Desolati | Entered the Desolation of Salt
 41195 | Desolati | Gained mutation: You are extremely robust. (+30% HP)
                  | [demonic ancestry]
 41195 | Desolati | Reached XP level 20. HP: 174/221 MP: 27/27
 41255 | Desolati | Identified the +0 ring mail of the Ten Cities {rCorr Str+5
                  | Stlth+}
 41287 | Desolati | Received a gift from Trog
 41528 | Desolati | Got a flickering silver ring
 41529 | Desolati | Identified the ring "Ullud" {rElec MP-9 Int+4 Dex+3 Stlth+}
                  | (You found it in the Desolation of Salt)
 42482 | Desolati | Received a gift from Trog
 42594 | Desolati | Reached skill level 15 in Armour
 42949 | Desolati | Got a bound lead ring
 42950 | Desolati | Identified the ring of Ryink {+Fly Str+4 Slay+2 Stlth+}
                  | (You found it in the Desolation of Salt)
 42958 | Desolati | Identified the Disquisition on Unholy Flames
 43477 | Vaults:3 | Reached skill level 15 in Shields
 44072 | Vaults:2 | Found a staircase to the Crypt.
 44141 | Vaults:2 | Received a gift from Trog
 44148 | Vaults:2 | Identified the +8 broad axe of Trog's Regard {antimagic,
                  | rF++} (Trog gifted it to you on level 2 of the Vaults)
 45021 | Vaults:2 | Received a gift from Trog
 45627 | Vaults:2 | Gained mutation: You are completely attuned to the shadows.
                  | [demonic ancestry]
 45627 | Vaults:2 | Reached XP level 21. HP: 229/231 MP: 9/28
 45680 | Vaults:2 | Noticed Frederick
 45694 | Vaults:2 | Killed Frederick
 46265 | Elf:1    | Entered Level 1 of the Elven Halls
 46462 | Elf:1    | Reached skill level 19 in Fighting
 46474 | Elf:1    | Received a gift from Trog
 47644 | Elf:2    | Found a runed translucent gate.
 47644 | Elf:2    | Found a runed translucent gate.
 47644 | Elf:2    | Found a runed translucent gate.
 47983 | Elf:2    | Received a gift from Trog
 48182 | Elf:2    | Reached skill level 20 in Fighting
 48377 | Elf:3    | Entered Level 3 of the Elven Halls
 48482 | Elf:3    | Found a portal to a secret trove of treasure.
 49018 | Elf:3    | Found Judwiul's Book Boutique.
 49162 | Elf:3    | Received a gift from Trog
 49466 | Elf:3    | Identified the amulet "Wolipt" {Reflect +Fly rN+ SH+6}
 49524 | Elf:3    | Got a flickering silver amulet
 49557 | Elf:3    | Identified the amulet "Qibir" {+Blink rC+ Regen+ Str-3
                  | Stlth+} (You found it on level 3 of the Elven Halls)
 49571 | Elf:3    | Got a slimy tin ring
 49573 | Elf:3    | Identified the ring of Goleyz {+Fly rElec rPois Dex+4} (You
                  | found it on level 3 of the Elven Halls)
 49587 | Elf:3    | Got a transparent war axe
 49588 | Elf:3    | Identified the cursed +1 war axe of Xukah {chop, rPois MR+
                  | Dex+3} (You found it on level 3 of the Elven Halls)
 49605 | Elf:3    | Identified the amulet of Pywigodd {rElec Regen+ MP+9 Str+3
                  | Dex+4}
 49802 | Elf:3    | Bought a manual of Maces & Flails for 1545 gold pieces
 50239 | Vaults:4 | Reached skill level 21 in Fighting
 50470 | Vaults:4 | Received a gift from Trog
 50484 | Vaults:4 | Got an ancient broad axe {god gift}
 50485 | Vaults:4 | Identified the +12 broad axe of Egalitarianism {flame,
                  | -Tele rPois rC+ Dex+4} (Trog gifted it to you on level 4 of
                  | the Vaults)
 50620 | Vaults:4 | Gained mutation: You are completely covered in sharp
                  | spines. [demonic ancestry]
 50620 | Vaults:4 | Reached XP level 22. HP: 251/252 MP: 26/29
 50753 | Vaults:4 | Received a gift from Trog
 50921 | Vaults:4 | Reached skill level 22 in Fighting
 51271 | Vaults:4 | Paralysed by a sphinx for 7 turns
 51331 | Vaults:4 | Received a gift from Trog
 51540 | Vaults:5 | Entered Level 5 of the Vaults
 51641 | Vaults:5 | Reached skill level 23 in Fighting
 51654 | Vaults:5 | Received a gift from Trog
 51866 | Vaults:5 | Identified the +0 robe of Chill Winds {*Contam rF+ rN+
                  | rCorr MP+9}
 52690 | Vaults:5 | Received a gift from Trog
 52690 | Vaults:5 | Reached XP level 23. HP: 151/267 MP: 10/31
 53558 | Vaults:5 | Got a silver rune of Zot
 54079 | Vaults:5 | Received a gift from Trog
 54117 | Vaults:5 | Found Sohenat's General Store.
 54122 | Vaults:5 | Bought a scroll of fog for 24 gold pieces
 54122 | Vaults:5 | Bought a potion of curing for 36 gold pieces
 54122 | Vaults:5 | Bought a scroll of teleportation for 36 gold pieces
 54753 | Depths:1 | Entered Level 1 of the Depths
 54849 | Depths:1 | Received a gift from Trog
 55488 | Depths:1 | Found a one-way gate leading to the halls of Pandemonium.
 55610 | Depths:1 | Received a gift from Trog
 55658 | Depths:1 | Noticed Louise
 55661 | Depths:1 | Reached XP level 24. HP: 248/278 MP: 32/32
 55670 | Depths:1 | Killed Louise
 55693 | Depths:1 | Found a one-way gate to the infinite horrors of the Abyss.
 55987 | Depths:1 | Found a gateway to Hell.
 56854 | Depths:2 | Received a gift from Trog
 57135 | Depths:2 | Noticed a juggernaut
 57154 | Depths:2 | Killed a juggernaut
 57154 | Depths:2 | HP: 10/278 [spriggan air mage/the air (17)]
 57158 | Depths:2 | HP: 3/278 [spriggan air mage/the air (26)]
 57159 | Depths:2 | Killed from afar by a golden dragon

Levels and vault maps discovered:
D:1:      dpeg_arrival_radiant, layout_basic, minmay_crystal_water
D:2:      layout_loops_ring, minmay_divided_ellipse
D:3:      layout_basic, kiku_gazebo_pond_becter
D:4:      layout_cave_pools, nicolae_overflow_hidden_temple, first_ration,
          kennysheep_cross_room, serial_bayou_pond_e, serial_bayou_pond_c,
          st_stairs_14, tgw_sif
D:5:      layout_loops_corners, minmay_temple_entry_trees, uniq_edmund,
          uniq_pikel
D:6:      layout_layer_cave, eat_drink_and_be_merry_uskayaw
D:7:      kennysheep_housing_project, layout_basic, kennysheep_okawaru_gauntlet,
          old_standard_altar
D:8:      layout_loops_cross, nicolae_overflow_crystal_walls,
          grunt_gozag_statues, grunt_temple_overflow_open
D:9:      cheibrodos_fzero, layout_rooms
D:10:     layout_long_grid
D:11:     layout_rooms, lair_entry_dummy, minmay_orc_entry_guard_dogs
D:12:     layout_loops_cross, grunt_pizzeria, uniq_josephine
D:13:     layout_basic, david_vaults_4
D:14:     layout_roguey, special_room [special_room_orc],
          ebering_dispersal_statue_hall, minmay_hollow_rounded_squares,
          uniq_azrael
D:15:     gammafunk_depths_entry_grave, layout_long_grid, serial_park_tiny_pond,
          lemuel_centaur_altar, uniq_kirke
Lair:1:   kb_forest_paths, layout_regular_city, grunt_forest_stairs_basic,
          minmay_lair_oklob_chamber
Lair:2:   layout_regular_city
Lair:3:   layout_cave_pods, minmay_swamp_entry_swarm,
          minmay_snake_entry_spellcaster, minivault_24
Lair:4:   layout_regular_city, hangedman_lair_generics_rect, uniq_nessos,
          uniq_rupert
Lair:5:   layout_cave_pods, minmay_slime_entry_oklob_open
Lair:6:   guppyfry_lair_end_dragon, layout_regular_city,
          hangedman_lair_caniforms_friends, bobbens_dragon_lair_wall
Swamp:1:  layout_basic_swamp, evilmike_swamp_ruin_rubble_2, uniq_nikola,
          uniq_donald
Swamp:2:  layout_basic_swamp, evilmike_swamp_ruin_house_6, swamp_pool1,
          infiniplex_staircase_pool
Swamp:3:  layout_basic_swamp, evilmike_swamp_ruin_rubble_1, swamp_pool1,
          nicolae_swamp_alligator_family, uniq_bai_suzhen
Swamp:4:  grunt_swamp_rune_castle, layout_basic_swamp,
          nicolae_swamp_very_dense_foliage
Snake:1:  layout_rooms, serial_shops, bzr_in_the_mist, uniq_aizul
Snake:2:  layout_grid_shapes
Snake:3:  layout_chambers
Snake:4:  johnstein_snake_rune_scales, layout_cave_town, serial_bayou_lake_a
Orc:1:    layout_caves, portal_ice_cave_entry_imps
Orc:2:    st_orc_mages, layout_caves, uniq_sonja
Elf:1:    layout_geoelf_grid, minmay_elf_demonology
Elf:2:    layout_loops_corners, nrook_loot_triangle
Elf:3:    minmay_elf_hall_quartered_circle, layout_loops_corners, serial_shops,
          nicolae_shop_waterfront, enter_trove_2
Vaults:1: vaults_room_guarded_vault, v_misc_14, vaults_standard_mumra_x,
          vaults_room_large_hall, hangedman_vaults_corner, v_misc_2,
          grunt_vaults_funnel, vaults_dpeg_hooks, ontoclasm_vaults_fault,
          layout_vaults_chaotic_city, serial_glass
Vaults:2: minmay_crypt_entry_simple_box, hangedman_vaults_stream, v_misc_11,
          v_misc_28, nicolae_vaults_disjoint_gnomons,
          nicolae_vaults_little_squares_5, hangedman_vaults_locks, st_squares,
          vaults_mumra_hex, v_misc_19, layout_vaults_big_cross, uniq_mara,
          uniq_frederick
Vaults:3: hangedman_vaults_nodes, v_alt_pattern_4,
          nicolae_vaults_ninety_degrees, nicolae_vaults_little_ls,
          vaults_room_door_hall, v_misc_8, v_misc_23, v_misc_15,
          nicolae_vaults_stairing_the_circle, ontoclasm_vaults_spin,
          vaults_room_pool, v_misc_4, layout_vaults_ring,
          portal_desolation_entry_salt, serial_shops, shop_fountains
Vaults:4: hangedman_vaults_trim, v_rooms_6, v_misc_31, v_misc_30,
          ontoclasm_vaults_eye, dpeg_vaults_monster_doublerow,
          hangedman_vaults_nails, nicolae_vaults_little_squares_5,
          vaults_mumra_lcd, grunt_vaults_bifocal, ontoclasm_vaults_hangar,
          nicolae_vaults_little_squares_4, layout_vaults_maze
Vaults:5
Depths:1: grunt_crosshair, layout_honeycomb, lightli_too_deep,
          nicolae_abyss_entry_one_way_or_another, columned_hall_lemuel,
          pan_entry, lightli_minifort
Depths:2: minmay_guarded_unrand_guard, layout_twisted_cross, glass_columns_b,
          hangedman_coc_ice_floe, rand_demon_pan_entry_5, infiniplex_staircase_x

Skill      XL: |  1  2  3  4  5  6  7  8  9 10 11 12 13 14 15 16 17 18 19 20 21 22 23 24 |
---------------+-------------------------------------------------------------------------+-----
Axes           | 3 4 5 8 11 12 13 15 16 18 20 | 20.0
Armour         | 2 3 6 8 9 10 12 14 15 16 17 | 17.1
Dodging        | 2 3 |  3.0
Fighting       | 4 8 9 10 11 12 14 15 16 18 21 23 | 23.0
Evocations     | 7 10 13 | 13.8
Shields        | 9 12 14 15 16 17 | 17.1

Action                   |  1- 3 |  4- 6 |  7- 9 | 10-12 | 13-15 | 16-18 | 19-21 | 22-24 || total
-------------------------+-------+-------+-------+-------+-------+-------+-------+-------++-------
Melee: Hand axe          |   122 |   101 |   221 |     9 |     5 |    49 |       |       ||   507
       War axe           |       |    35 |       |       |       |       |       |       ||    35
       Kick              |       |    45 |    80 |   142 |   336 |   400 |   517 |   441 ||  1961
       Battleaxe         |       |       |     6 |   351 |   928 |   672 |       |       ||  1957
       Headbutt          |       |       |       |       |    16 |    11 |       |       ||    27
       Broad axe         |       |       |       |       |       |   352 |  1205 |   877 ||  2434
Invok: Berserk           |     3 |     5 |     6 |     8 |    12 |     9 |     5 |     4 ||    52
       Trog's Hand       |       |       |     1 |     4 |     4 |     7 |     4 |     5 ||    25
       Brothers in Arms  |       |       |       |     2 |     2 |       |     2 |     1 ||     7
 Abil: Evoke Flight      |       |     1 |       |       |     1 |       |     1 |     1 ||     4
Evoke: Phantom mirror    |       |       |       |       |       |     1 |       |       ||     1
       Lamp of fire      |       |       |       |       |       |       |       |     1 ||     1
       Wand              |       |       |       |       |       |       |       |     6 ||     6
  Use: Scroll            |       |     7 |     2 |    11 |    15 |     7 |    13 |     3 ||    58
       Potion            |       |       |       |     1 |     5 |     4 |     2 |     6 ||    18
 Stab: Confused          |       |       |       |       |     1 |       |       |       ||     1
       Sleeping          |       |       |       |       |       |       |     5 |     6 ||    11
       Distracted        |       |       |       |       |       |       |     1 |     1 ||     2
  Eat: Chunk             |     3 |    12 |    20 |    25 |    39 |    11 |    26 |     9 ||   145
       Ration            |       |       |       |       |     5 |    14 |     6 |     5 ||    30
Armor: Scale mail        |    58 |    46 |    78 |   227 |   212 |       |       |       ||   621
       Animal skin       |     1 |       |       |       |       |       |       |       ||     1
       Chain mail        |       |       |       |       |   314 |    31 |       |       ||   345
       Storm dragon scal |       |       |       |       |       |   514 |   287 |   269 ||  1070
Dodge: Dodged            |    92 |    90 |   110 |   228 |   480 |   348 |   159 |   127 ||  1634
Block: Other             |       |       |       |       |       |    57 |       |       ||    57
       Reflection        |       |       |       |       |       |    72 |    80 |    63 ||   215
       Shield            |       |       |       |       |       |   277 |   854 |   629 ||  1760
       Large shield      |       |       |       |       |       |       |       |   160 ||   160

Table legend:
 A = Non-vault XP
 B = Vault XP
 C = Vault XP percentage of total XP
 D = Non-vault monster count
 E = Vault monster count
 F = Vault count percentage of total count
                 A         B        C        D         E       F
            +---------+---------+-------+---------+---------+-------
      Total |  454433 |  583394 |  56.2 |    1161 |     930 |  44.5
            +---------+---------+-------+---------+---------+-------
        D:1 |      48 |       0 |   0.0 |      25 |       0 |   0.0
        D:2 |      50 |     137 |  73.3 |      17 |      13 |  43.3
        D:3 |      41 |       0 |   0.0 |      18 |       0 |   0.0
        D:4 |     385 |      37 |   8.8 |      17 |       1 |   5.6
        D:5 |     349 |     875 |  71.5 |      10 |       2 |  16.7
        D:6 |     636 |       0 |   0.0 |      16 |       0 |   0.0
        D:7 |     631 |     921 |  59.3 |      14 |      30 |  68.2
        D:8 |    1423 |       0 |   0.0 |      18 |       0 |   0.0
        D:9 |    2651 |    1640 |  38.2 |      13 |      15 |  53.6
       D:10 |    4461 |       0 |   0.0 |      36 |       0 |   0.0
       D:11 |    7147 |     492 |   6.4 |      39 |       3 |   7.1
       D:12 |    4759 |    1891 |  28.4 |      33 |       5 |  13.2
       D:13 |    3490 |    1011 |  22.5 |      20 |       3 |  13.0
       D:14 |    3977 |    7565 |  65.5 |      15 |      44 |  74.6
       D:15 |    9024 |    8242 |  47.7 |      35 |      15 |  30.0
     Lair:1 |    2724 |    3832 |  58.5 |      13 |      15 |  53.6
     Lair:2 |    1535 |       0 |   0.0 |      11 |       0 |   0.0
     Lair:3 |    2234 |    1348 |  37.6 |       7 |       6 |  46.2
     Lair:4 |    3072 |    6227 |  67.0 |      14 |       9 |  39.1
     Lair:5 |    5271 |     557 |   9.6 |      22 |       1 |   4.3
     Lair:6 |    4315 |   20938 |  82.9 |      17 |      90 |  84.1
    Swamp:1 |   12169 |    5658 |  31.7 |      37 |       2 |   5.1
    Swamp:2 |    6726 |    5247 |  43.8 |      20 |       1 |   4.8
    Swamp:3 |   11694 |    2696 |  18.7 |      34 |       3 |   8.1
    Swamp:4 |   10218 |   19449 |  65.6 |      32 |      33 |  50.8
    Snake:1 |   12615 |    1603 |  11.3 |      23 |       1 |   4.2
    Snake:2 |    9446 |       0 |   0.0 |      19 |       0 |   0.0
    Snake:3 |   19071 |    1195 |   5.9 |      39 |       2 |   4.9
    Snake:4 |   36599 |   42200 |  53.6 |      64 |      65 |  50.4
      Orc:1 |     875 |     126 |  12.6 |      10 |      12 |  54.5
      Orc:2 |    3444 |    6023 |  63.6 |      34 |      44 |  56.4
      Elf:1 |   15181 |    5114 |  25.2 |      24 |       8 |  25.0
      Elf:2 |    9599 |   24491 |  71.8 |      15 |      31 |  67.4
      Elf:3 |    3235 |   36076 |  91.8 |       5 |      27 |  84.4
   Vaults:1 |   38437 |   16461 |  30.0 |      69 |      34 |  33.0
   Vaults:2 |   44166 |   41015 |  48.2 |      84 |      44 |  34.4
   Vaults:3 |   25791 |   32684 |  55.9 |      42 |      48 |  53.3
   Vaults:4 |   54859 |   18982 |  25.7 |      70 |      33 |  32.0
   Vaults:5 |   11109 |  137127 |  92.5 |      28 |      97 |  77.6
   Depths:1 |   39681 |   49873 |  55.7 |      52 |      47 |  47.5
   Depths:2 |   19985 |   18250 |  47.7 |      31 |      10 |  24.4
    Abyss:3 |   11310 |    2979 |  20.8 |      19 |       7 |  26.9
      IceCv |       0 |    9695 | 100.0 |       0 |      36 | 100.0
 Desolation |       0 |   50737 | 100.0 |       0 |      93 | 100.0
            +---------+---------+-------+---------+---------+-------
